 Dungeon Crawl Stone Soup version 0.29.1-13-g9f3cf754e1 (webtiles) character file.

Game seed: 16831941438253408445

7 protoss039 the Digger (level 1, 0/14 HPs)
             Began as a Demonspawn Earth Elementalist on Feb 9, 2023.
             Slain by a hobgoblin (4 damage)
             ... on level 1 of the Dungeon.
             The game lasted 00:00:21 (127 turns).

protoss039 the Digger (DsEE)                         Turns: 127, Time: 00:00:21

Health: 0/14       AC:  2    Str:  8    XL:     1   Next: 83%
Magic:  0/3        EV: 12    Int: 16    God:
Gold:   0          SH:  0    Dex: 13    Spells: 3/4 levels left

rFire   . . .      SeeInvis .   d - +0 dagger
rCold   . . .      Faith    .   (no shield)
rNeg    . . .      Spirit   .   a - +0 robe
rPois   .          Reflect  .   (no helmet)
rElec   .          Harm     .   (no cloak)
rCorr   .          Rampage  .   (no gloves)
Will    .....                   (no boots)
Stlth   ++........              (no amulet)
HPRegen 0.04/turn               (no ring)
MPRegen 0.08/turn               (no ring)

@: very slightly contaminated
A: no striking features
a: no special abilities


You were on level 1 of the Dungeon.
You visited 1 branch of the dungeon, and saw 1 of its levels.

Inventory:

Hand Weapons
 d - a +0 dagger (weapon)
Armour
 a - a +0 robe (worn)
Scrolls
 c - a scroll of magic mapping {unknown}
Potions
 b - a potion of magic


   Skills:
 + Level 0.7 Fighting
 - Level 1.7 Dodging
 - Level 1.7 Stealth
 + Level 2.1 Spellcasting
 - Level 0.8 Transmutations
 + Level 2.8 Earth Magic


You had 3 spell levels left.
You knew the following spells:

 Your Spells              Type           Power      Damage    Failure   Level
a - Sandblast             Erth           20%        2d7       6%          1

Your spell library contained the following spells:

 Spells                   Type           Power      Damage    Failure   Level
 Passwall                 Tmut/Erth      5%         N/A       14%         2
 Stone Arrow              Conj/Erth      12%        3d7       34%         3
 Petrify                  Tmut/Erth      7%         N/A       67%         4


Dungeon Overview and Level Annotations

Branches:
Dungeon (1/15) Zot: 5870

Altars:


Message History

The hobgoblin is moderately wounded.
The hobgoblin misses you. The hobgoblin attacks as you move away!
The hobgoblin closely misses you. The hobgoblin attacks as you move away!
The hobgoblin closely misses you.
Things that are here:
a +0 dagger; a kobold corpse
d - a +0 dagger The hobgoblin barely misses you.
d - a +0 dagger (weapon)
The hobgoblin closely misses you. The hobgoblin attacks as you move away!
The hobgoblin hits you.
You hit the hobgoblin.
The hobgoblin is severely wounded.
The hobgoblin hits you but does no damage.
You hit the hobgoblin but do no damage.
The hobgoblin is severely wounded.
The hobgoblin hits you.
* * * LOW HITPOINT WARNING * * *
Casting: Sandblast (safe; 6% risk of failure)
Confirm with . or Enter, or press ? or * to list all spells.
Aiming: Sandblast (safe; 6% risk of failure)
Press: ? - help, Shift-Dir - straight line, f - hobgoblin
Aim: a hobgoblin (severely wounded, 82% to hit)
You miscast Sandblast.
You are very lightly contaminated with residual magic.
Nothing appears to happen.
The hobgoblin hits you but does no damage.
The hobgoblin attacks as you move away! The hobgoblin barely misses you.
The hobgoblin attacks as you move away! The hobgoblin hits you.
* * * LOW HITPOINT WARNING * * *
You barely miss the hobgoblin.
The hobgoblin is severely wounded.
The hobgoblin barely misses you.
You hit the hobgoblin but do no damage.
The hobgoblin is severely wounded.
The hobgoblin closely misses you.
You completely miss the hobgoblin.
The hobgoblin is severely wounded.
The hobgoblin hits you.
You die...

.......##....#
.............#
.#
>....####)...#
.# ####.
#....# ##.# #
#....# #..#
#.##..### #..#
#......# #..#
####.#.####..#
#.#.†.##@.#
#.###..g.##
##.###...##
#...###.##
#...#...#
#...#.###
#...#.# ###
#.....# ##<##
#...###


You could see a hobgoblin.

Vanquished Creatures
  2 ball pythons (D:1)
  An endoplasm (D:1)
  A goblin (D:1)
  A kobold (D:1)
5 creatures vanquished.

Notes
Turn   | Place    | Note
-------+----------+-------------------------------------------
     0 | D:1      | protoss039 the Demonspawn Earth Elementalist began the
                  | quest for the Orb.
     0 | D:1      | Reached XP level 1. HP: 13/13 MP: 3/3
   127 | D:1      | Slain by a hobgoblin

Illustrated notes

Levels and vault maps discovered:
D:1:      saegor_arrival_simple_a, layout_rooms, minmay_tetromino_o4

Action                   || total
-------------------------++-------
Melee: Unarmed           ||     8
       Dagger            ||     5
 Cast: Sandblast         ||     5
Armor: Robe              ||     4
Dodge: Dodged            ||    14
